 Dungeon Crawl Stone Soup version 0.31-a0-806-g0bc164a743 (webtiles) character file.

Game seed: 8037105063288045089

411 Newt the Spear-Bearer (level 6, -1/48 HPs)
             Began as a Merfolk Gladiator on Sept 20, 2023.
             Slain by an orc wizard
             ... wielding a +0 dagger
              (2 damage)
             ... on level 5 of the Dungeon.
             The game lasted 00:03:57 (4225 turns).

Newt the Spear-Bearer (Merfolk Gladiator)           Turns: 4225, Time: 00:03:58

Health: -1/48      AC:  4    Str: 17    XL:     6   Next: 90%
Magic:  6/6        EV:  9    Int:  7    God:
Gold:   354        SH: 11    Dex: 15    Spells: 5/5 levels left

rFire   + . .        a - +1 trident
rCold   . . .        u - +0 tower shield
rNeg    . . .        b - +0 leather armour
rPois   .            c - +0 helmet
rElec   .            (no cloak)
rCorr   .            (no gloves)
SInv    .            (no boots)
Will    .....        (no amulet)
Stlth   +            o - ring of protection from fire
HPRegen 0.28/turn    (no ring)
MPRegen 0.10/turn

%: no passive effects
@: on berserk cooldown, slowed, very slow
A: (nimble swimmer 2), mertail
a: no special abilities


You were on level 5 of the Dungeon.
You visited 1 branch of the dungeon, and saw 5 of its levels.

You collected 354 gold pieces.

Inventory:

Hand Weapons
 a - a +1 trident (weapon)
Missiles
 d - 3 throwing nets (quivered)
 e - 6 javelins
Armour
 b - a +0 leather armour (worn)
 c - a +0 helmet (worn)
 u - a +0 tower shield (worn)
Jewellery
 o - a ring of protection from fire (left hand)
 r - a ring of fire
Wands
 j - a wand of flame (51)
Scrolls
 f - 2 scrolls of poison
 g - 2 scrolls of teleportation
 h - 2 scrolls of fear
 m - a scroll of amnesia
 n - 2 scrolls of immolation
 p - a scroll of torment
 v - a scroll of fog
Potions
 i - a potion of lignification
 k - a potion of cancellation
 l - 3 potions of curing
 t - a potion of brilliance {unknown}


   Skills:
 - Level 4.0 Fighting
 + Level 9.0 Polearms
 - Level 2.0 Throwing
 - Level 4.0 Dodging


You had 5 spell levels left.
You didn't know any spells.
Your spell library contained the following spells:

 Spells                   Type           Power      Damage    Failure   Level
 Apportation              Tloc           0%         N/A       100%        1
 Necrotise                Necr           0%         1d4       100%        1
 Summon Small Mammal      Summ           0%         N/A       100%        1
 Ensorcelled Hibernation  Hex/Ice        0%         N/A       100%        2
 Jinxbite                 Hex            0%         N/A       100%        2
 Static Discharge         Conj/Air       0%         2-2/arc   100%        2
 Call Canine Familiar     Summ           0%         N/A       100%        3
 Summon Guardian Golem    Hex/Summ       0%         N/A       100%        3
 Airstrike                Air            0%         2d(0-16)  100%        4
 Anguish                  Hex/Necr       0%         N/A       100%        4
 Summon Lightning Spire   Summ/Air       0%         N/A       100%        4


Dungeon Overview and Level Annotations

Branches:
Dungeon (5/15)
 Temple: D:4-7

Altars:
Cheibriados
Vehumet

Shops:
D:5 =


Innate Abilities, Weirdness & Mutations

((You are very nimble when in or above water. (Stealth+, EV+, Speed+++)))
Your lower body shifts to a powerful aquatic tail in water.


Message History

Your Polearms skill increases to level 9!
Unknown command.
Press < or > to pray at altars.
Something hits you.
* * * LOW HITPOINT WARNING * * *
The orc attacks as it pursues you!
The orc hits you from afar with a +0 trident.
* * * LOW HITPOINT WARNING * * *
You hit the orc.
The orc is almost dead.
Something hits you.
* * * LOW HITPOINT WARNING * * *
The orc barely misses you.
Unknown command.
You puncture the orc!
You kill the orc!
You hear some strange, mumbled words.
Something tries to affect you, but you resist.
The orc barely misses you.
Unknown command.
You puncture the orc!
You kill the orc!
Something hits you but does no damage. You block the orc's attack.
Unknown command.
You barely miss something. Something hits you but does no damage.
The orc hits you but does no damage.
Unknown command.
You hit something.
Unknown command.
You completely miss something. Something hits you.
* * * LOW HITPOINT WARNING * * *
The orc barely misses you.
Unknown command.
You miss something. You block something's attack. You block the orc's attack.
Unknown command.
You barely miss something.
You are no longer berserk.
You are exhausted.
You feel yourself slow down. Something hits you.
You die...

# ##+# #. ..# .
#.♣♣♣.#
....#..{..#####
#.'.o_@.†...#
###..)).###.#
#.♣♣♣.###.# #.
..#...# #
##+###.# #.#
#.#
###.###.###.#
..>.........#
....###.#...#


You could see an orc.

Vanquished Creatures
  A phantom (D:5)
  A howler monkey (D:5)
  3 orc priests
  An iguana (D:5)
  An orc wizard (D:4)
  5 adders
  2 dart slugs
  17 orcs
  5 endoplasms
  8 giant cockroaches
  9 goblins
  9 hobgoblins
  4 jackals
  4 kobolds
  A quokka (D:4)
  2 ball pythons (D:4)
  4 bats
  3 frilled lizards
  6 rats
86 creatures vanquished.

Notes
Turn   | Place    | Note
-------+----------+-------------------------------------------
     0 | D:1      | Newt the Merfolk Gladiator began the quest for the Orb.
     0 | D:1      | Reached XP level 1. HP: 16/16 MP: 1/1
   166 | D:1      | Reached XP level 2. HP: 21/24 MP: 2/2
   718 | D:2      | Reached XP level 3. HP: 26/30 MP: 3/3
  1242 | D:2      | Found a snail-covered altar of Cheibriados.
  1421 | D:2      | Reached XP level 4. HP: 34/37 MP: 4/4
  1767 | D:3      | Reached skill level 5 in Polearms
  2212 | D:3      | Identified the +2 mace "Zamagega" {flame, rF- rC+ rN+ SInv}
  2809 | D:4      | Reached skill level 6 in Polearms
  2833 | D:4      | Reached XP level 5. HP: 42/42 MP: 5/5
  3307 | D:4      | Reached skill level 7 in Polearms
  3553 | D:4      | Reached XP level 6. HP: 45/48 MP: 6/6
  3874 | D:5      | Entered Level 5 of the Dungeon
  3883 | D:5      | Found Xiajo's Jewellery Emporium.
  3948 | D:5      | Reached skill level 8 in Polearms
  4184 | D:5      | Found a radiant altar of Vehumet.
  4217 | D:5      | Reached skill level 9 in Polearms
  4217 | D:5      | HP: 2/72 [orc/+0 trident (2)]
  4223 | D:5      | HP: 1/72 [something (2)]
  4225 | D:5      | Slain by an orc wizard

Illustrated notes

Levels and vault maps discovered:
D:1:      lordsloth_arrival_two_stooges, layout_basic, minmay_pentomino_u4
D:2:      cheibrodos_old_hovel, layout_basic, basic_altar
D:3:      layout_basic, minivault_23
D:4:      cheibrodos_pilgrimage, layout_basic, kennysheep_small_circle
D:5:      layout_basic, mainiacjoe_overflow_six_doors_small, serial_shops, shop

Skill      XL: |  1  2  3  4  5  6 |
---------------+-------------------+-----
Fighting       | 3 4 |  4.0
Polearms       | 6 7 9 |  9.0
Throwing       | |  2.0
Dodging        | |  4.0

Action                     |  1- 3 |  4- 6 || total
---------------------------+-------+-------++-------
  Melee: Trident           |   110 |   172 ||   282
         Punch             |     1 |       ||     1
    Use: Scroll            |    10 |     5 ||    15
         Potion            |       |     3 ||     3
   Stab: Sleeping          |     2 |     3 ||     5
 Armour: Leather armour    |    43 |   109 ||   152
  Dodge: Dodged            |    52 |    92 ||   144
  Block: Tower shield      |       |    67 ||    67

Table legend: (Time is in decaauts)
 A = Elapsed time spent in this place.
 B = Non-inter-level travel time spent in this place.
 C = Inter-level travel time spent in this place.
 D = Time resting spent in this place.
 E = Time spent auto-exploring this place.
 F = Levels seen in this place.
 G = Mean time per level.
                   A        B        C        D        E       F      G
               +--------+--------+--------+--------+--------+-----+--------+
         Total |   4267 |   4156 |    111 |    564 |   2976 |   5 |  853.4 |
       Dungeon |   4267 |   4156 |    111 |    564 |   2976 |   5 |  853.4 |
               +--------+--------+--------+--------+--------+-----+--------+

Top non-repeatable levels by time:
     D:4: 1506 daAuts
     D:2: 1060 daAuts
     D:1: 702 daAuts
     D:3: 638 daAuts
     D:5: 359 daAuts
